 Dungeon Crawl Stone Soup version 0.19.0-1-g5985abe (webtiles) character file.

1906 lorenzova the Covert (level 8, -4/36 HPs)
             Began as a Spriggan Enchanter on Nov 2, 2016.
             Was a Believer of Dithmenos.
             Slain by skk's ghost (33 damage)
             ... on level 7 of the Dungeon.
             The game lasted 00:15:30 (8778 turns).

lorenzova the Covert (Spriggan Enchanter)           Turns: 8778, Time: 00:15:31

Health: -4/36      AC:  6    Str:  4    XL:     8   Next: 94%
Magic:  4/20       EV: 18    Int: 16    God:    Dithmenos [**....]
Gold:   439        SH:  0    Dex: 19    Spells: 3 memorised, 16 levels left

rFire  . . .     SeeInvis +     y - +1 short sword (speed)
rCold  . . .     Gourm    .     b - +1 robe
rNeg   . . .     Faith    .     (shield restricted)
rPois  .         Spirit   .     (helmet restricted)
rElec  .         Reflect  .     (no cloak)
rCorr  .         Harm     .     (gloves unavailable)
MR     +....                    (boots unavailable)
Stlth  ++++++....               (no amulet)
                                (no ring)
                                s - +3 ring of protection

@: wreathed by umbra, very quick
A: unfitting armour, see invisible, herbivore 3, speed 3, slow metabolism 2
a: Shadow Step, Renounce Religion


You were on level 7 of the Dungeon.
You worshipped Dithmenos.
Dithmenos was pleased with you.
You were not hungry.

You visited 1 branch of the dungeon, and saw 7 of its levels.
You also visited: Ossuary.

You collected 439 gold pieces.

Inventory:

Hand Weapons
 y - a +1 short sword of speed (weapon)
Armour
 b - a +1 robe (worn)
Jewellery
 a - an uncursed amulet of faith {unknown}
 s - a +3 ring of protection (left hand)
Wands
 p - a wand of disintegration (12/24)
Scrolls
 e - 3 scrolls of random uselessness {unknown}
 f - 10 scrolls of identify {unknown}
 h - 4 scrolls of noise {unknown}
 i - 2 scrolls of immolation {unknown}
 l - 2 scrolls of fog {unknown}
 m - 2 scrolls of remove curse {unknown}
 q - a scroll of enchant armour {unknown}
 r - 3 scrolls of teleportation {unknown}
 t - 2 scrolls of amnesia {unknown}
 x - a scroll of recharging {unknown}
Potions
 g - 3 potions of might {unknown}
 j - a potion of cure mutation {unknown}
 k - a potion of mutation {unknown}
 n - 3 potions of curing {unknown}
 o - a potion of lignification {unknown}
 u - a potion of haste {unknown}
 v - a potion of degeneration {unknown}
Books
 c - a book of Maledictions

   Spells                             Type                      Level
   a - Corona                         Hexes                        1
   b - Ensorcelled Hibernation        Hexes/Ice                    2
   c - Confuse                        Hexes                        3
   d - Tukima's Dance                 Hexes                        3
   e - Dazzling Spray                 Conjuration/Hexes            3
Comestibles
 d - 2 bread rations


   Skills:
 - Level 1.1 Short Blades
 - Level 3.0 Dodging
 * Level 10.4 Stealth
 * Level 7.7 Spellcasting
 * Level 8.5 Hexes
 + Level 3.4 Ice Magic


You had 16 spell levels left.
You knew the following spells:

 Your Spells              Type           Power        Failure   Level  Hunger
a - Corona                Hex            ####...      1%          1    None
b - Ensorcelled Hibernat  Hex/Ice        ####..       1%          2    None
c - Confuse               Hex            ####....     1%          3    ##.....


Dungeon Overview and Level Annotations

Branches:
Dungeon (7/15)             Temple (0/1) D:6

Altars:
Dithmenos
Gozag
Ru
Xom

Annotations:
D:3 varam's ghost, amateur DsFi
D:7 skk's ghost, novice OgBe


Innate Abilities, Weirdness & Mutations

You are very small and have problems with some larger weapons.
You are too small for most types of armour.
You have supernaturally acute eyesight. (SInv)
You are a herbivore.
You cover ground extremely quickly.
You need consume almost no food.


Message History

Skk's ghost closely misses itself.
You hit skk's ghost.
Skk's ghost is lightly damaged.
You hit skk's ghost but do no damage.
Skk's ghost is lightly damaged.
You catch the helpless skk's ghost completely off-guard!
You puncture skk's ghost!
Skk's ghost is moderately damaged.
You catch the helpless skk's ghost completely off-guard!
You puncture skk's ghost!
Skk's ghost is moderately damaged.
You strike the helpless skk's ghost from behind!
You puncture skk's ghost!
Skk's ghost is heavily damaged.
You catch the helpless skk's ghost completely off-guard!
You puncture skk's ghost!
Skk's ghost is severely damaged.
Skk's ghost hits you!!
Ouch! That really hurt!
You die...

#...##.......#.###.#.....#
# ####.##..# ##.######
#.##.#.###...#
#.##.##.#.##.#
#........###.#######
####.##.#.>..<...[.#
#......##.#####.#
####.####.# #.@W...#
########


You could see skk's ghost (confused).

Vanquished Creatures
  Pikel (D:4)
  An orc warrior (D:6)
  3 slaves (D:4)
  3 phantoms
  3 elf zombies (Ossuary)
  A bullfrog (D:6)
  2 crimson imps
  A howler monkey (D:5)
  2 centaur zombies (Ossuary)
  2 human zombies (Ossuary)
  A bullfrog zombie (D:6)
  A bullfrog skeleton (D:6)
  A jelly (D:5)
  An orc priest (D:5)
  2 orc wizards (D:6)
  An iguana (D:5)
  3 worker ants
  A killer bee zombie (D:7)
  A big kobold zombie (Ossuary)
  A hound zombie (Ossuary)
  3 mummies (Ossuary)
  4 gnolls (D:5)
  4 adders
  3 shadow imps
  An ooze (D:2)
  2 adder zombies
  An adder skeleton (D:5)
  A worm (D:2)
  3 dart slugs
  6 leopard geckos
  11 orcs
  4 bats
  4 giant cockroaches
  A gnoll zombie (Ossuary)
  3 goblins
  5 hobgoblins
  10 jackals
  13 kobolds
  3 quokkas
  3 frilled lizards
  3 goblin zombies (Ossuary)
  3 hobgoblin zombies (Ossuary)
  3 jackal zombies (Ossuary)
  5 kobold zombies (Ossuary)
  An orc zombie (Ossuary)
  A quokka skeleton (D:5)
  2 quokka zombies (Ossuary)
  3 rats
  5 rat zombies (Ossuary)
143 creatures vanquished.

Vanquished Creatures (others)
  An iguana (D:4)
1 creature vanquished.

Grand Total: 144 creatures vanquished

Notes
Turn   | Place    | Note
-------+----------+-------------------------------------------
     0 | D:1      | lorenzova the Spriggan Enchanter began the quest for the Orb.
     0 | D:1      | Reached XP level 1. HP: 9/9 MP: 5/5
    52 | D:1      | Found a shimmering altar of Xom.
   268 | D:1      | Reached XP level 2. HP: 11/13 MP: 7/7
   300 | D:1      | Learned a level 2 spell: Ensorcelled Hibernation
   732 | D:2      | Reached skill level 5 in Stealth
   746 | D:2      | Reached XP level 3. HP: 16/16 MP: 8/8
   751 | D:2      | Learned a level 3 spell: Confuse
  1373 | D:2      | Found a shadowy altar of Dithmenos.
  1385 | D:2      | Became a worshipper of Dithmenos the Shadowed
  1870 | D:3      | Noticed varam's ghost (amateur DsFi)
  1873 | D:3      | Reached XP level 4. HP: 21/21 MP: 5/10
  2630 | D:3      | Reached skill level 6 in Stealth
  2719 | D:3      | Reached * piety under Dithmenos
  2866 | D:4      | Reached XP level 5. HP: 17/24 MP: 7/12
  3085 | D:4      | Found an opulent altar of Gozag.
  3120 | D:4      | Noticed Pikel
  3120 | D:4      | Noticed a slave
  3120 | D:4      | Noticed a slave
  3120 | D:4      | Noticed a slave
  3152 | D:4      | Killed a slave
  3585 | D:4      | Reached skill level 1 in Ice Magic
  3716 | D:4      | Noticed a slave
  3736 | D:4      | Killed a slave
  3983 | D:4      | Killed a slave
  4274 | D:4      | Killed Pikel
  4274 | D:4      | Reached skill level 8 in Stealth
  4274 | D:4      | Reached skill level 5 in Spellcasting
  4274 | D:4      | Reached XP level 6. HP: 7/28 MP: 1/15
  4274 | D:4      | Reached XP level 7. HP: 8/32 MP: 1/16
  4627 | D:5      | Entered Level 5 of the Dungeon
  4849 | D:5      | Found a sand-covered staircase.
  4858 | Ossuary  | Entered an ossuary
  5906 | Ossuary  | Reached XP level 8. HP: 36/36 MP: 14/18
  5961 | Ossuary  | Reached skill level 9 in Stealth
  5995 | D:5      | Reached ** piety under Dithmenos
  6819 | D:6      | Found a staircase to the Ecumenical Temple.
  7613 | D:6      | Reached skill level 10 in Stealth
  8140 | D:6      | Found a sacrificial altar of Ru.
  8729 | D:7      | Noticed skk's ghost (novice OgBe)
  8778 | D:7      | Slain by skk's ghost

Skill      XL: |  1  2  3  4  5  6  7  8 |
---------------+-------------------------+-----
Spellcasting   | 3 4 5 6 7 |  7.7
Hexes          | 4 6 7 8 |  8.5
Stealth        | 5 6 8 10 | 10.4
Ice Magic      | 2 3 |  3.4
Short Blades   | |  1.1
Dodging        | |  3.0

Action                   |  1- 3 |  4- 6 |  7- 9 || total
-------------------------+-------+-------+-------++-------
Melee: Dagger            |   125 |   105 |   434 ||   664
       Short sword       |       |       |    41 ||    41
 Cast: Ensorcelled Hiber |    15 |    19 |    18 ||    52
       Confuse           |       |    19 |    56 ||    75
 Stab: Sleeping          |    19 |    19 |    29 ||    67
       Confused          |       |     6 |    41 ||    47
  Eat: Bread ration      |       |     1 |     1 ||     2
Armor: Robe              |     9 |     8 |    55 ||    72
Dodge: Dodged            |   104 |    63 |   392 ||   559
